 Dungeon Crawl Stone Soup version 0.21-a0-516-gaaff437 (webtiles) character file.

1225 Laiders the Insei (level 8, -2/54 HPs)
             Began as a Merfolk Transmuter on Dec 3, 2017.
             Was a Follower of Okawaru.
             Succumbed to a scorpion's poison
             ... on level 5 of the Dungeon.
             The game lasted 00:12:28 (6502 turns).

Laiders the Insei (Merfolk Transmuter)              Turns: 6502, Time: 00:12:28

Health: -2/54      AC:  8    Str: 10    XL:     8   Next: 47%
Magic:  16/16      EV: 12    Int: 15    God:    Okawaru [*.....]
Gold:   219        SH:  0    Dex: 14    Spells: 12/18 levels left

rFire    . . .     SeeInvis .     - Unarmed
rCold    . . .     Gourm    .   (no shield)
rNeg     . . .     Faith    .   p - +0 ring mail
rPois    .         Spirit   .   (no helmet)
rElec    .         Reflect  .   m - +2 cloak
rCorr    .         Harm     .   (no gloves)
MR       .....                  (no boots)
Stlth    +.........             (no amulet)
HPRegen  0.18/turn              k - +1 ring of evasion
MPRegen  0.15/turn              (no ring)

@: lethally poisoned (-2 -> -21), slowed, very slow
A: change form in water, swift swim, stealthy swim
a: Heroism, Renounce Religion


You were on level 5 of the Dungeon.
You worshipped Okawaru.
Okawaru was aware of your devotion.
You were not hungry.

You visited 1 branch of the dungeon, and saw 5 of its levels.

You collected 219 gold pieces.

Inventory:

Missiles
 a - 53 arrows
Armour
 m - a +2 cloak (worn)
 p - a +0 ring mail (worn)
Jewellery
 k - a +1 ring of evasion (left hand)
Scrolls
 e - a scroll of remove curse
 g - a scroll of enchant weapon {unknown}
 i - a scroll of amnesia
 l - a scroll of blinking {unknown}
 n - a scroll of random uselessness {unknown}
 o - 2 scrolls of teleportation
 s - a scroll of immolation {unknown}
Potions
 b - a potion of mutation
 h - a potion of flight
 j - a potion of brilliance
Books
 c - a book of Changes

   Spells                             Type                      Level
   a - Beastly Appendage              Transmutation                1
   b - Sticks to Snakes               Transmutation                2
   c - Spider Form                    Transmutation/Poison         3
   d - Ice Form                       Ice/Transmutation            4
   e - Blade Hands                    Transmutation                5
Comestibles
 d - 5 bread rations
 f - a meat ration
 u - a royal jelly


   Skills:
 - Level 1.1 Fighting
 - Level 2.6 Dodging
 + Level 7.5 Unarmed Combat
 + Level 5.9 Spellcasting
 - Level 6.2 Transmutations
 - Level 2.0 Poison Magic


You had 12 spell levels left.
You knew the following spells:

 Your Spells              Type           Power        Failure   Level  Hunger
a - Beastly Appendage     Tmut           ###...       3%          1    None
b - Sticks to Snakes      Tmut           ###.....     4%          2    #......
c - Spider Form           Tmut/Pois      ###.......   22%         3    ###....


Dungeon Overview and Level Annotations

Branches:
Dungeon (5/15)             Temple (0/1) D:4

Altars:
Ashenzari
Fedhas
Okawaru
Uskayaw
Wu Jian


Message History

* * * LOW HITPOINT WARNING * * *
You hit the orc wizard but do no damage.
The orc wizard is severely wounded.
Your transformation has ended.
Your +2 cloak unmelds from your body.
Your +0 ring mail unmelds from your body.
* * * LOW HITPOINT WARNING * * *
You feel very sick. The orc wizard casts a spell at you.
The magic dart hits you!
* * * LOW HITPOINT WARNING * * *
You hit the orc wizard.
You kill the orc wizard!
Okawaru accepts your kill.
* * * LOW HITPOINT WARNING * * *
You feel sick.
Okay, then.
There is a lethal amount of poison in your body!
Okay, then.
You die...

######.....#
#..........##
#......._...#
#...........#
#...........# .
#...........# ...
#..........##########....
#........................
#..........)@)...)......#
#.......................#
#................$....###
#########............#
#............#
#..............
#..............#
#...............


There were no monsters in sight!

Vanquished Creatures
  Eustachio (D:4)
  A centaur (D:5)
  2 ogres (D:4)
  A bullfrog (D:3)
  3 scorpions
  A jelly (D:5)
  A centaur skeleton (D:5)
  2 orc wizards (D:5)
  Crazy Yiuf (D:2)
  5 worker ants
  11 adders
  An ooze (D:1)
  An adder skeleton (D:4)
  6 leopard geckos
  6 orcs
  6 bats
  9 giant cockroaches
  4 goblins
  4 hobgoblins
  2 jackals (D:1)
  A kobold (D:1)
  2 quokkas
  A ball python (D:3)
  6 frilled lizards
  A leopard gecko skeleton (D:4)
  8 rats (D:2)
  A fungus (D:3)
88 creatures vanquished.

Vanquished Creatures (collateral kills)
  Grinder (D:5)
  Terence (D:2)
  A kobold (D:2)
3 creatures vanquished.

Vanquished Creatures (others)
  A fungus (D:3)
1 creature vanquished.

Grand Total: 92 creatures vanquished

Notes
Turn   | Place    | Note
-------+----------+-------------------------------------------
     0 | D:1      | Laiders the Merfolk Transmuter began the quest for the Orb.
     0 | D:1      | Reached XP level 1. HP: 15/15 MP: 3/3
   192 | D:1      | Reached XP level 2. HP: 21/21 MP: 5/5
   212 | D:1      | Learned a level 2 spell: Sticks to Snakes
  1082 | D:2      | Reached XP level 3. HP: 20/26 MP: 6/6
  1592 | D:2      | Reached skill level 4 in Unarmed Combat
  1652 | D:2      | Noticed Terence
  1675 | D:2      | Killed Terence
  1675 | D:2      | Reached XP level 4. HP: 13/32 MP: 2/8
  1875 | D:2      | Found a runed door.
  2645 | D:2      | Learned a level 3 spell: Spider Form
  2646 | D:2      | Noticed Crazy Yiuf
  2653 | D:2      | Killed Crazy Yiuf
  2653 | D:2      | Reached XP level 5. HP: 37/37 MP: 5/9
  2816 | D:3      | Found a blossoming altar of Fedhas.
  2944 | D:3      | Found an iron altar of Okawaru.
  2965 | D:3      | Reached skill level 5 in Transmutations
  2977 | D:3      | Reached XP level 6. HP: 21/43 MP: 11/11
  3440 | D:3      | Found a shattered altar of Ashenzari.
  3521 | D:3      | Found a hide-covered altar of Uskayaw.
  3562 | D:3      | Reached skill level 5 in Unarmed Combat
  4219 | D:4      | HP: 3/64 [poisoned by a worker ant]
  4540 | D:4      | Noticed Eustachio
  4553 | D:4      | Killed Eustachio
  4553 | D:4      | Reached XP level 7. HP: 41/48 MP: 10/13
  5190 | D:4      | Reached skill level 1 in Poison Magic
  5443 | D:4      | Reached skill level 6 in Unarmed Combat
  5583 | D:3      | Became a worshipper of Warmaster Okawaru
  5789 | D:4      | Found a staircase to the Ecumenical Temple.
  5961 | D:5      | Entered Level 5 of the Dungeon
  5998 | D:5      | Reached skill level 5 in Spellcasting
  5998 | D:5      | Reached XP level 8. HP: 38/54 MP: 15/15
  6216 | D:5      | Found an ornate altar of the Wu Jian Council.
  6219 | D:5      | Noticed Grinder
  6252 | D:5      | Killed Grinder
  6252 | D:5      | Reached skill level 7 in Unarmed Combat
  6496 | D:5      | Reached * piety under Okawaru
  6501 | D:5      | HP: 1/54 [poisoned by a scorpion]
  6502 | D:5      | Succumbed to a scorpion's poison

Vault maps used:
D:1:      nagdon_arrival_double_spiral
D:2:      first_bread, uniq_crazy_yiuf_cottage, uniq_terence
D:3:      nicolae_overflow_hidden_temple, nicolae_overflow_crystal_walls,
          marbit_many_paths, fedhas_altar_3
D:4:      minmay_temple_entry_fiery, uniq_eustachio
D:5:      lemuel_round_altar, basic_altar, uniq_grinder, uniq_menkaure

Skill      XL: |  1  2  3  4  5  6  7  8 |
---------------+-------------------------+-----
Transmutations | 3 4 5 6 |  6.2
Unarmed Combat | 4 5 6 7 |  7.5
Spellcasting   | 3 4 5 |  5.9
Poison Magic   | 2 |  2.0
Fighting       | |  1.1
Dodging        | |  2.6

Action                   |  1- 3 |  4- 6 |  7- 9 || total
-------------------------+-------+-------+-------++-------
Melee: Unarmed           |   117 |   229 |   121 ||   467
       Punch             |     4 |     2 |     2 ||     8
       Headbutt          |     2 |     4 |     1 ||     7
 Cast: Beastly Appendage |     3 |     5 |     2 ||    10
       Sticks to Snakes  |     3 |       |     2 ||     5
       Spider Form       |       |     4 |     3 ||     7
 Abil: End Transformatio |       |     1 |       ||     1
  Use: Scroll            |       |     3 |     5 ||     8
       Potion            |       |     5 |     1 ||     6
 Stab: Sleeping          |     2 |     1 |       ||     3
  Eat: Chunk             |     2 |     8 |     2 ||    12
       Bread ration      |       |     1 |     1 ||     2
Armor: Robe              |    23 |    19 |       ||    42
       Ring mail         |       |    47 |    20 ||    67
       Skin              |       |     6 |     2 ||     8
Dodge: Dodged            |    93 |   148 |    80 ||   321

Table legend:
 A = Spawn XP
 B = Non-spawn XP
 C = Spawn XP percentage of total XP
 D = Spawn monster count
 E = Non-spawn monster count
 F = Spawn count percentage of total count
 G = Total turns spent on level
                    A         B        C        D         E        F      G
               +---------+---------+-------+---------+---------+-------+---------
         Total |       0 |    1751 |   0.0 |       0 |      90 |   0.0 |  6502
               +---------+---------+-------+---------+---------+-------+---------
           D:1 |       0 |      22 |   0.0 |       0 |       8 |   0.0 |   963
           D:2 |       0 |     177 |   0.0 |       0 |      33 |   0.0 |  1808
           D:3 |       0 |     170 |   0.0 |       0 |      20 |   0.0 |  1399
           D:4 |       0 |     737 |   0.0 |       0 |      20 |   0.0 |  1791
           D:5 |       0 |     645 |   0.0 |       0 |       9 |   0.0 |   541
               +---------+---------+-------+---------+---------+-------+---------
